 Dungeon Crawl Stone Soup version 0.28.0-53-g5a82cb258f (webtiles) character file.

Game seed: 17095692255575862347

1 ILmort the Chopper (level 1, 0/20 HPs)
             Began as a Hill Orc Monk on Aug 20, 2022.
             Slain by a jackal (1 damage)
             ... on level 1 of the Dungeon.
             The game lasted 00:00:20 (32 turns).

ILmort the Chopper (Hill Orc Monk)                    Turns: 32, Time: 00:00:21

Health: 0/20       AC:  2    Str: 13    XL:     1   Next: 20%
Magic:  1/1        EV: 12    Int: 10    God:
Gold:   14         SH:  0    Dex: 13    Spells: 0/0 levels left

rFire   . . .      SeeInvis .   a - +0 hand axe
rCold   . . .      Faith    .   (no shield)
rNeg    . . .      Spirit   .   b - +0 robe
rPois   .          Reflect  .   (no helmet)
rElec   .          Harm     .   (no cloak)
rCorr   .          Rampage  .   (no gloves)
Will    .....                   (no boots)
Stlth   ++........              (no amulet)
HPRegen 0.06/turn               (no ring)
MPRegen 0.07/turn               (no ring)

@: no status effects
A: no striking features
a: no special abilities


You were on level 1 of the Dungeon.
You visited 1 branch of the dungeon, and saw 1 of its levels.

You collected 14 gold pieces.

Inventory:

Hand Weapons
 a - a +0 hand axe (weapon)
Armour
 b - a +0 robe (worn)


   Skills:
 + Level 3.6 Fighting
 * Level 4.1 Axes
 - Level 2.4 Dodging
 - Level 1.5 Stealth


You couldn't memorise any spells.
You didn't know any spells.
Your spell library was empty.

Dungeon Overview and Level Annotations

Branches:
Dungeon (1/15)

Altars:


Message History

Welcome, ILmort the Hill Orc Monk.
They say the Orb of Zot lies within this dungeon, but they say a lot of things.
Found 14 gold pieces.
Found a staircase leading out of the dungeon.
You now have 14 gold pieces.
You enter the shallow water.
Moving in this stuff is going to be slow.
A jackal comes into view.
The jackal barks!
You hear a bark!
A jackal comes into view. x2
There are monsters nearby!
The jackal barks!
A goblin comes into view. It is wielding a +0 dagger.
You closely miss the jackal. You hit the fungus.
The fungus begins to die.
The jackal misses you.
The jackal bites you but does no damage. x2
You hit the jackal. You barely miss the jackal. You hit the fungus.
You barely miss the jackal. The jackal bites you.
The jackal closely misses you. The jackal bites you. x3
You closely miss the jackal. You barely miss the jackal.
You hit the fungus but do no damage. You closely miss the jackal.
The jackal barely misses you. The jackal bites you. x2
The jackal closely misses you.
You hit the jackal.
You kill the jackal!
You barely miss the jackal. You hit the fungus but do no damage.
You hit the jackal but do no damage. The jackal barely misses you.
The jackal bites you. x2
* * * LOW HITPOINT WARNING * * *
You barely miss the jackal. You closely miss the jackal. You hit the fungus.
A nearby fungus withers and dies.
The jackal barely misses you. The jackal bites you.
* * * LOW HITPOINT WARNING * * *
The jackal completely misses you.
You barely miss the jackal. You hit the jackal. The jackal bites you.
* * * LOW HITPOINT WARNING * * *
The jackal barely misses you. The jackal bites you.
* * * LOW HITPOINT WARNING * * *
You barely miss the jackal. You hit the jackal. The jackal bites you.
You die...

#≈≈≈.≈...P..
#≈.......≈......## #...
#PPP...P.≈≈......#
#...g
#.......≈..≈.≈.≈P##....
#<.....P...P.........#
#≈.P.≈.......P.......#
#.P.......≈..P......#
#P.≈...≈...≈..≈h....#
#....P.P≈..≈.≈.@h..#
#PP......≈.....##..#
#..##≈≈≈.≈.##≈.##.##
###..≈≈≈≈≈#.≈.###.#
##.P#..###### #..
####### ##. #. .


You could see 2 jackals.

Vanquished Creatures
  A jackal (D:1)
1 creature vanquished.

Vanquished Creatures (others)
  A fungus (D:1)
1 creature vanquished.

Grand Total: 2 creatures vanquished

Notes
Turn   | Place    | Note
-------+----------+-------------------------------------------
     0 | D:1      | ILmort the Hill Orc Monk began the quest for the Orb.
     0 | D:1      | Reached XP level 1. HP: 19/19 MP: 1/1
    31 | D:1      | HP: 1/20 [jackal (3)]
    32 | D:1      | Slain by a jackal

Illustrated notes

Levels and vault maps discovered:
D:1:      lemuel_arrival_muddy, layout_basic,
          shapermc_ecumenical_altar_mp_ritualfount

Action                   || total
-------------------------++-------
Melee: Hand axe          ||     7
Armor: Robe              ||     2
Dodge: Dodged            ||     8
